 Dungeon Crawl Stone Soup version 0.30-a0-1157-g2cc9ac7196 (webtiles) character file.

Game seed: 10143251604088424735

10 iamoutofideas the Chopper (level 2, -3/21 (25) HPs)
             Began as a Hill Orc Reaver on Apr 25, 2023.
             Slain by a worm (5 damage)
             ... on level 2 of the Dungeon.
             The game lasted 00:00:35 (1048 turns).

iamoutofideas the Chopper (Hill Orc Reaver)         Turns: 1048, Time: 00:00:36

HP:   -3/21 (25)    AC:  3    Str: 14    XL:     2   Next: 20%
MP:   0/4           EV: 11    Int: 13    God:
Gold: 113           SH:  0    Dex:  9    Spells: 3/4 levels left

rFire   . . .        a - +0 hand axe
rCold   . . .        (no shield)
rNeg    . . .        b - +0 leather armour
rPois   .            (no helmet)
rElec   .            (no cloak)
rCorr   .            (no gloves)
SInv    .            (no boots)
Will    .....        (no amulet)
Stlth   +            (no ring)
HPRegen 0.23/turn    (no ring)
MPRegen 0.09/turn

%: no passive effects
@: very slightly contaminated, heavily drained
A: no striking features
a: no special abilities


You were on level 2 of the Dungeon.
You visited 1 branch of the dungeon, and saw 2 of its levels.

You collected 113 gold pieces.

Inventory:

Hand Weapons
 a - a +0 hand axe (weapon)
Missiles
 i - 3 atropa-tipped darts
Armour
 b - a +0 leather armour (worn)
Scrolls
 c - 2 scrolls of vulnerability {unknown}
 d - a scroll of amnesia {unknown}
 e - a scroll of fear {unknown}
 g - a scroll of identify {unknown}
 h - a scroll of enchant armour {unknown}
 k - a scroll of immolation {unknown}
Potions
 f - a potion of curing {unknown}
 j - a potion of magic {unknown}
 l - a potion of attraction {unknown}


   Skills:
 - Level 2.4 Fighting
 + Level 4.5 Axes
 - Level 1.5 Dodging
 - Level 1.6 Spellcasting
 - Level 3.1 Conjurations


You had 3 spell levels left.
You knew the following spells:

 Your Spells              Type           Power      Damage    Failure   Level
a - Kiss of Death         Conj/Necr      20%        2d7       19%         1

Your spell library contained the following spells:

 Spells                   Type           Power      Damage    Failure   Level
 Momentum Strike          Conj/Tloc      10%        3d8       26%         2
 Sublimation of Blood     Necr           1%         N/A       45%         2
 Wereblood                Tmut           1%         N/A       45%         2
 Hailstorm                Conj/Ice       5%         3d4       47%         3
 Summon Hydra             Summ           0%         N/A       100%        7


Dungeon Overview and Level Annotations

Branches:
Dungeon (2/15)

Altars:


Message History

The worm is moderately wounded.
You slash the worm!
The worm is severely wounded.
The worm bites you!
* * * LOW HITPOINT WARNING * * *
You are too injured to fight recklessly!
You are too injured to fight recklessly!
Casting: Kiss of Death (safe; 19% risk of failure)
Confirm with . or Enter, or press ? or * to list all spells.
Aiming: Kiss of Death (safe; 19% risk of failure)
Press: ? - help, Shift-Dir - straight line, f - worm
Aim: a worm (severely wounded, 100% to hit)
You miscast Kiss of Death.
You are very lightly contaminated with residual magic.
Nothing appears to happen.
The worm barely misses you.
Unknown command.
Casting: Kiss of Death (safe; 19% risk of failure)
Confirm with . or Enter, or press ? or * to list all spells.
Aiming: Kiss of Death (safe; 19% risk of failure)
Press: ? - help, Shift-Dir - straight line, f/p - worm
Aim: a worm (heavily wounded, 100% to hit)
You miscast Kiss of Death.
Nothing appears to happen.
Unknown command.
Casting: Kiss of Death (safe; 19% risk of failure)
Confirm with . or Enter, or press ? or * to list all spells.
Aiming: Kiss of Death (safe; 19% risk of failure)
Press: ? - help, Shift-Dir - straight line, f/p - worm
Aim: a worm (heavily wounded, 100% to hit)
The negative energy hits the worm.
The worm is drained!
The worm is almost dead.
You feel drained. The worm bites you.
* * * LOW HITPOINT WARNING * * *
Unknown command.
Casting: Kiss of Death (safe; 19% risk of failure)
Confirm with . or Enter, or press ? or * to list all spells.
Aiming: Kiss of Death (safe; 19% risk of failure)
Press: ? - help, Shift-Dir - straight line, f/p - worm
Aim: a worm (almost dead, lightly drained, 100% to hit)
You miscast Kiss of Death.
Nothing appears to happen.
The worm bites you.
You die...

...
#####.#.....####.##
#.. #.....#.# #.# #..
###.#.#.####.# #.
#.#.#.#....# #. ##
####.#.#.#.#### #.
?..#.#.#.#.#### #.
#.#.#.#......#
###.###.......###.##
+...@.....>...#...#
#..w.###..........#
..........#......###.#
##...............# #.#
#.##...###..##......#
# #.... #..........#
....# #........#.#
.#.#.. ...#.......#
.#..#...#...#


You could see a worm (drained).

Vanquished Creatures
  A ball python (D:1)
  An endoplasm (D:1)
  2 goblins (D:1)
  A kobold (D:1)
  2 bats
  A frilled lizard (D:1)
  A rat (D:2)
9 creatures vanquished.

Notes
Turn   | Place    | Note
-------+----------+-------------------------------------------
     0 | D:1      | iamoutofideas the Hill Orc Reaver began the quest for the
                  | Orb.
     0 | D:1      | Reached XP level 1. HP: 18/18 MP: 3/3
   365 | D:1      | Reached XP level 2. HP: 20/25 MP: 4/4
  1048 | D:2      | Slain by a worm

Illustrated notes

Levels and vault maps discovered:
D:1:      minmay_arrival_split_and_join, layout_basic
D:2:      layout_basic, ebering_ecumenical_altar_sacrificial,
          uniq_crazy_yiuf_cottage

Action                     || total
---------------------------++-------
  Melee: Hand axe          ||    43
   Cast: Kiss of Death     ||     1
 Armour: Leather armour    ||     7
  Dodge: Dodged            ||    20

Table legend: (Time is in decaauts)
 A = Elapsed time spent in this place.
 B = Non-inter-level travel time spent in this place.
 C = Inter-level travel time spent in this place.
 D = Time resting spent in this place.
 E = Time spent auto-exploring this place.
 F = Levels seen in this place.
 G = Mean time per level.
                   A        B        C        D        E       F      G
               +--------+--------+--------+--------+--------+-----+--------+
         Total |   1051 |   1011 |     40 |     36 |    855 |   2 |  525.5 |
       Dungeon |   1051 |   1011 |     40 |     36 |    855 |   2 |  525.5 |
               +--------+--------+--------+--------+--------+-----+--------+

Top non-repeatable levels by time:
     D:1: 920 daAuts
     D:2: 131 daAuts
